 Dungeon Crawl Stone Soup version 0.22-a0-166-g5351223 (webtiles) character file.

39 Borgoz the Skirmisher (level 3, 0/29 HPs)
             Began as a Demonspawn Abyssal Knight on Feb 13, 2018.
             Was a Follower of Lugonu.
             Slain by Terence
             ... wielding a +1 short sword of holy wrath
              (4 damage)
             ... on level 2 of the Dungeon.
             The game lasted 00:01:32 (802 turns).

Borgoz the Skirmisher (Demonspawn Abyssal Knight)    Turns: 802, Time: 00:01:33

Health: 0/29       AC:  5    Str: 13    XL:     3   Next: 26%
Magic:  14/14      EV: 11    Int: 13    God:    Lugonu [*.....]
Gold:   95         SH:  0    Dex: 12    Spells: 2/2 levels left

rFire    . . .     SeeInvis .   a - +1 hand axe
rCold    . . .     Gourm    .   (no shield)
rNeg     . . .     Faith    .   b - +0 leather armour
rPois    .         Spirit   .   (helmet restricted)
rElec    .         Reflect  .   (no cloak)
rCorr    .         Harm     .   (no gloves)
MR       .....                  (no boots)
Stlth    +.........             (no amulet)
HPRegen  0.09/turn              i - ring of magical power
MPRegen  0.14/turn              (no ring)

@: no status effects
A: horns 1, slimy green scales 1
a: Depart the Abyss, Renounce Religion


You were on level 2 of the Dungeon.
You worshipped Lugonu.
Lugonu was aware of your devotion.
You were not hungry.

You visited 1 branch of the dungeon, and saw 2 of its levels.
You visited the Abyss 1 time.

You collected 95 gold pieces.

Inventory:

Hand Weapons
 a - a +1 hand axe (weapon)
Armour
 b - a +0 leather armour (worn)
Jewellery
 i - a ring of magical power (left hand)
Scrolls
 f - a scroll of amnesia {unknown}
 j - a scroll of teleportation {unknown}
Potions
 d - a potion of flight {unknown}
 e - a potion of heal wounds {unknown}
 g - a potion of agility {unknown}
Comestibles
 c - 2 rations


   Skills:
 * Level 3.4 Fighting
 * Level 2.4 Axes
 + Level 1.9 Armour
 + Level 1.4 Dodging
 + Level 2.8 Invocations


You had 2 spell levels left.
You didn't know any spells.

Dungeon Overview and Level Annotations

Branches:
Dungeon (2/15)

Altars:
Ashenzari

Annotations:
D:2 Terence


Innate Abilities, Weirdness & Mutations

You have a pair of small horns on your head.
You are partially covered in slimy green scales. (AC +2)


Message History

Terence barely misses you.
Things that are here:
a hunting sling; 16 stones; a ring mail You slash Terence!
You headbutt Terence, but do no damage.
Terence is heavily wounded.
Terence completely misses you.
You hit Terence.
Terence is severely wounded.
Terence hits you but does no damage.
You hit Terence.
Terence is almost dead.
Terence hits you with a short sword of holy wrath.
You convulse.
You are too injured to fight recklessly!
You barely miss Terence. Your headbutt misses Terence.
Terence is almost dead.
Terence hits you with a short sword of holy wrath.
* * * LOW HITPOINT WARNING * * *
You convulse.
You die...

.## ..!. .. #..#
.. # #..# ###. ##
#.#..# #.. #..
#.#..###.#####
#.#.#.#..##......#
.........##@.###.#
#.........@..# #.#
#......().##.# #.#
#.....<...##.# #.#
.............# #.#
..........######.#
..#...#...# #..# .
#..###..# #.## #.#
...#####.### ..
...........#


You could see Terence.

Vanquished Creatures
  2 leopard geckos (D:1)
  3 giant cockroaches (D:1)
  6 goblins
  2 hobgoblins (D:2)
  6 kobolds (D:1)
  A ball python (D:2)
  7 bats (D:1)
  2 frilled lizards (D:1)
  6 rats
35 creatures vanquished.

Vanquished Creatures (others)
  A hobgoblin (D:2)
1 creature vanquished.

Grand Total: 36 creatures vanquished

Notes
Turn   | Place    | Note
-------+----------+-------------------------------------------
     0 | Abyss:1  | Borgoz the Demonspawn Abyssal Knight began the quest for the Orb.
     0 | Abyss:1  | Reached XP level 1. HP: 18/18 MP: 2/2
     9 | Abyss:1  | Found an iron altar of Okawaru.
    28 | Abyss:1  | Noticed a smoke demon
    29 | D:1      | Escaped the Abyss
    89 | D:1      | Reached skill level 1 in Dodging
   262 | D:1      | Gained mutation: You are partially covered in slimy green scales. (AC +2) [demonic ancestry]
   262 | D:1      | Reached XP level 2. HP: 18/24 MP: 3/3
   267 | D:1      | Reached * piety under Lugonu
   404 | D:1      | Found a shattered altar of Ashenzari.
   651 | D:1      | Gained mutation: You have a pair of small horns on your head. [demonic ancestry]
   651 | D:1      | Reached XP level 3. HP: 29/29 MP: 5/5
   797 | D:2      | Noticed Terence
   802 | D:2      | Slain by Terence

Vault maps used:
D:1:      lightli_arrival_lavapool, ashenzari_altar_1
D:2:      nrook_mini_vaults, minmay_pentomino_w4, uniq_terence

Skill      XL: |  1 |
---------------+----+-----
Dodging        | 1 |  1.4
Axes           | 2 |  2.4
Fighting       | |  3.4
Armour         | |  1.9
Invocations    | |  2.8

Action                   || total
-------------------------++-------
Melee: Hand axe          ||   101
       Headbutt          ||     5
Invok: Depart the Abyss  ||     1
Armor: Leather armour    ||    45
Dodge: Dodged            ||    74

Table legend:
 A = Spawn XP
 B = Non-spawn XP
 C = Spawn XP percentage of total XP
 D = Spawn monster count
 E = Non-spawn monster count
 F = Spawn count percentage of total count
 G = Total turns spent on level
                    A         B        C        D         E        F      G
               +---------+---------+-------+---------+---------+-------+---------
         Total |       0 |      56 |   0.0 |       0 |      36 |   0.0 |   802
               +---------+---------+-------+---------+---------+-------+---------
           D:1 |       0 |      45 |   0.0 |       0 |      28 |   0.0 |   726
           D:2 |       0 |      11 |   0.0 |       0 |       8 |   0.0 |    47
               +---------+---------+-------+---------+---------+-------+---------
